 Dungeon Crawl Stone Soup version 0.25.0-7-g216d0a8 (webtiles) character file.

Game seed: 17513587066200597893

112485 shmeve the Peltast (level 16, -8/151 HPs)
             Began as a Minotaur Berserker on June 15, 2020.
             Was a High Priest of Trog.
             Mangled by a manticore (9 damage)
             ... on level 4 of the Shoals on June 16, 2020.
             The game lasted 00:58:08 (24289 turns).

shmeve the Peltast (Minotaur Berserker)            Turns: 24289, Time: 00:58:10

Health: -8/151     AC: 33    Str: 24    XL:     16   Next: 11%
Magic:  24/24      EV: 15    Int:  7    God:    Trog [*****.]
Gold:   430        SH: 22    Dex: 15    Spells: 15/15 levels left

rFire    . . .     SeeInvis +   I - +3 broad axe (flame)
rCold    + . .     Gourm    .   W - +2 kite shield {AC+3}
rNeg     . . .     Faith    .   h - +7 chain mail of the Watchman {rC+ rCorr Int+2}
rPois    +         Spirit   .   t - +1 hat {MR+}
rElec    .         Reflect  +   J - +0 cloak
rCorr    +         Harm     .   y - +2 pair of gloves
MR       ++...                  d - +0 pair of boots
Stlth    ..........             K - amulet of reflection
HPRegen  0.35/turn              U - ring of Askifalisk {+Fly rPois Dex+4}
MPRegen  0.19/turn              T - ring of Doydoiqeo {rPois MP+9 AC+4 Str-3 SInv}

@: barbed spikes, berserk cooldown, mesmerised, slowed, very slow
A: retaliatory headbutt, horns 2
a: Berserk, Trog's Hand, Brothers in Arms, Renounce Religion, Evoke Flight


You were on level 4 of the Shoals.
You worshipped Trog.
Trog was extremely pleased with you.
You were very hungry.

You visited 5 branches of the dungeon, and saw 22 of its levels.
You also visited: Sewer.

You collected 2056 gold pieces.
You spent 1626 gold pieces at shops.

Inventory:

Hand Weapons
 I - a +3 broad axe of flaming (weapon)
 V - a +2 war axe of flaming
Missiles
 x - 30 boomerangs (quivered)
 E - 6 throwing nets
 P - 5 javelins
Armour
 d - a +0 pair of boots (worn)
 h - the +7 chain mail of the Watchman (worn) {rC+ rCorr Int+2}
   (You bought it in a shop on level 2 of the Orcish Mines)

   It affects your intelligence (+2).
   It protects you from cold.
   It provides partial protection from all sources of acid and corrosion.
 t - a +1 hat of magic resistance (worn)
 y - a +2 pair of gloves (worn)
 J - a +0 cloak (worn)
 W - a +2 kite shield of protection (worn)
Jewellery
 K - an amulet of reflection (around neck)
 T - the ring of Doydoiqeo (right hand) {rPois MP+9 AC+4 Str-3 SInv}
   (You found it on level 6 of the Lair of Beasts)

   [ring of protection]

   It affects your AC (+4).
   It affects your strength (-3).
   It protects you from poison.
   It affects your magic capacity (+9).
   It lets you see invisible.
 U - the ring of Askifalisk (left hand) {+Fly rPois Dex+4}
   (You bought it in a shop on level 1 of the Shoals)

   [ring of flight]

   It affects your dexterity (+4).
   It protects you from poison.
   It lets you fly.
Wands
 z - a wand of digging (12)
 M - a wand of disintegration (22)
 R - a wand of paralysis (13)
 S - a wand of polymorph (9)
 X - a wand of acid (8)
Scrolls
 a - 3 scrolls of enchant weapon
 f - 10 scrolls of identify
 i - 4 scrolls of magic mapping
 m - 7 scrolls of teleportation
 n - a scroll of immolation {unknown}
 u - 10 scrolls of remove curse
 C - 3 scrolls of blinking
 D - a scroll of acquirement {unknown}
 F - a scroll of fog {unknown}
 G - 4 scrolls of enchant armour {unknown}
 H - 2 scrolls of silence {unknown}
 L - a scroll of torment {unknown}
 N - a scroll of holy word {unknown}
 O - a scroll of fear {unknown}
 Q - 2 scrolls of random uselessness {unknown}
Potions
 b - 3 potions of lignification {unknown}
 e - 6 potions of stabbing {unknown}
 g - 3 potions of heal wounds
 j - 5 potions of brilliance {unknown}
 k - 3 potions of resistance {unknown}
 l - a potion of haste {unknown}
 o - 4 potions of might {unknown}
 p - 9 potions of curing
 q - 3 potions of invisibility {unknown}
 r - 3 potions of magic {unknown}
 s - 5 potions of flight {unknown}
 w - 3 potions of mutation {unknown}
 A - 2 potions of degeneration {unknown}
 B - 2 potions of ambrosia {unknown}
Comestibles
 c - 32 rations
 v - 5 chunks of flesh


   Skills:
 * Level 16.0 Fighting
 * Level 16.1 Axes
 + Level 9.9 Throwing
 + Level 11.9 Armour
 + Level 11.0 Dodging
 * Level 16.3 Shields


You had 15 spell levels left.
You didn't know any spells.
Your spell library was empty.

Dungeon Overview and Level Annotations

Branches:
Dungeon (9/15)             Temple (1/1) D:5            Lair (6/6) D:9
 Shoals (4/4) Lair:2        Snake (0/4) Lair:2        Slime (0/5) Lair:6
    Orc (2/2) D:9             Elf (0/3) Orc:2         Sewer (visited)

Altars:
Dithmenos
Elyvilon
Fedhas
Okawaru
Ru
Sif Muna
Trog
Uskayaw
Wu Jian
The Shining One
Beogh

Shops:
D:5 ?   D:6 [   D:9 [   Orc:2 [=[(   Shoals:1 =   Shoals:2 (


Innate Abilities, Weirdness & Mutations

You reflexively headbutt those who attack you in melee.
You have a pair of horns on your head.


Message History

You block the manticore's attack. The manticore closely misses you.
The manticore barely misses you.
The merfolk avatar chants a haunting song.
You are mesmerised by the merfolk avatar!
You block the manticore's attack.
The manticore claws you but does no damage.
You block the manticore's attack.
The manticore flicks its tail.
The volley of spikes hits you!
The barbed spikes become lodged in your body.
* * * LOW HITPOINT WARNING * * *
The merfolk avatar chants its luring song.
You feel much better.
The pull of its song draws you forwards.
The manticore misses you. You block the manticore's attack. x2
The merfolk avatar chants its luring song.
The manticore bites you!!
* * * LOW HITPOINT WARNING * * *
The manticore claws you!
You die...

##≈≈≈≈ ##...###.. ≈≈≈
#≈≈≈≈≈ #≈#...###..
≈≈≈≈≈≈#≈≈#≈# ≈≈≈#...##..≈
≈≈≈≈≈≈#≈≈≈≈##≈≈≈#≈...#...
≈≈≈≈≈≈#≈≈≈≈≈≈≈≈≈#≈≈.....≈
≈≈≈≈≈≈#≈#))m#≈≈≈#.......≈
≈≈≈≈≈≈≈#≈#≈)≈≈≈##...#..≈≈
≈≈≈≈≈≈≈≈#≈))≈≈##..####..≈
≈≈≈≈≈≈≈H@######<..###....
≈≈≈≈≈≈≈≈≈H≈≈≈≈≈≈.........
≈≈≈≈≈≈≈≈≈≈≈≈≈≈≈≈.≈...≈≈≈≈
≈≈#######≈≈≈≈≈≈..≈...≈≈≈#
##≈≈≈≈≈≈.....≈≈##
##≈≈≈≈≈≈≈....##
#≈≈≈≈≈≈≈≈≈..#
#≈.≈≈≈≈≈≈≈.≈#
#..≈≈≈≈≈≈≈≈≈#


You could see a merfolk avatar (mesmerising) and 2 manticores.

Vanquished Creatures
  Bai Suzhen (Shoals:4)
  Gastronok (Orc:1)
  Roxanne (Shoals:2)
  A stone giant (Orc:2)
  4 dire elephants (Lair:6)
  4 merfolk impalers
  A merfolk javelineer (Shoals:4)
  5 merfolk avatars
  A hydra (Lair:3)
  4 merfolk aquamancers
  An anaconda (Lair:6)
  12 death yaks
  3 satyrs
  Urug (Lair:5)
  3 orc high priests (Orc:2)
  7 sea snakes
  Pikel (D:4)
  5 orc knights
  A wolf spider zombie (D:8)
  20 harpies
  4 manticores
  3 orc sorcerers (Orc:2)
  13 fauns
  7 cyclopes
  7 elephants (Lair:6)
  3 water nymphs
  6 black mambas
  13 merfolk sirens
  A torpor snail (Lair:4)
  18 spiny frogs
  3 centaur skeletons
  A molten gargoyle (Lair:1)
  2 rime drakes
  7 komodo dragons
  4 trolls
  2 hellwings (D:8)
  18 merfolk
  2 polar bears
  5 wind drakes
  The ghost of DonnieDarkness the Chopper, an amateur DsFi (D:8)
  3 blink frogs (Lair:6)
  Grinder (D:3)
  8 hippogriffs
  25 dream sheep
  8 snapping turtles
  9 water elementals
  A wyvern (D:9)
  39 yaks
  2 fire bats (Lair:1)
  2 basilisks
  2 wargs
  22 water moccasins
  8 porcupines
  3 ice beasts
  2 sky beasts
  4 slaves (D:4)
  18 orc warriors
  6 ogres
  3 centaurs
  10 wolves
  11 crocodiles
  2 big kobolds (Sewer)
  12 bullfrogs
  A gnoll sergeant (D:9)
  A wyvern zombie (D:8)
  A scorpion (D:8)
  4 wights (D:7)
  8 howler monkeys
  3 centaur zombies
  3 crimson imps
  12 orc priests
  3 jellies
  A gnoll shaman (D:8)
  2 bullfrog skeletons
  7 hounds
  Jessica (D:2)
  3 iguanas
  Natasha (twice) (D:2)
  15 orc wizards
  4 worker ants
  2 hound skeletons
  A worker ant zombie (D:5)
  Robin (D:4)
  15 gnolls
  22 adders
  8 river rats (Sewer)
  7 shadow imps
  2 oozes
  An adder skeleton (D:7)
  An adder zombie (D:7)
  5 worms
  5 leopard geckos
  51 orcs
  7 giant cockroaches
  12 goblins
  12 hobgoblins
  15 jackals
  5 quokkas
  5 ball pythons (Sewer)
  7 bats
  4 frilled lizards
  A jackal zombie (D:8)
  25 kobolds
  A leopard gecko zombie (D:7)
  A quokka skeleton (D:9)
  24 rats
  2 fungi
  10 plants
721 creatures vanquished.

Vanquished Creatures (others)
  A merfolk aquamancer (Shoals:4)
  A harpy (Shoals:4)
  A merfolk (Shoals:4)
  A water elemental (Shoals:1)
  4 fungi (Lair:6)
  3 plants
  4 toadstools (D:1)
  5 withered plants (D:8)
20 creatures vanquished.

Grand Total: 741 creatures vanquished

Notes
Turn   | Place    | Note
-------+----------+-------------------------------------------
     0 | D:1      | shmeve the Minotaur Berserker began the quest for the Orb.
     0 | D:1      | Reached XP level 1. HP: 19/19 MP: 0/0
   316 | D:1      | Reached XP level 2. HP: 27/27 MP: 1/1
   742 | D:2      | Noticed Jessica
   751 | D:2      | Killed Jessica
   751 | D:2      | Reached XP level 3. HP: 33/33 MP: 2/2
  1125 | D:2      | Found a bloodstained altar of Trog.
  1137 | D:2      | Reached XP level 4. HP: 26/40 MP: 3/3
  1291 | D:2      | Noticed Natasha
  1300 | D:2      | Killed Natasha
  1367 | D:2      | Reached XP level 5. HP: 42/46 MP: 4/4
  1412 | D:2      | Reached ** piety under Trog
  1532 | D:2      | Reached skill level 5 in Shields
  1693 | D:2      | Found a blossoming altar of Fedhas.
  1954 | D:2      | Noticed Natasha
  1960 | D:2      | Killed Natasha
  1997 | D:3      | Noticed Grinder
  2011 | D:3      | Killed Grinder
  2011 | D:3      | Reached skill level 1 in Throwing
  2011 | D:3      | Reached XP level 6. HP: 53/53 MP: 5/5
  2282 | D:3      | Reached skill level 5 in Fighting
  2346 | D:3      | Reached skill level 5 in Axes
  2372 | D:3      | Reached XP level 7. HP: 55/61 MP: 6/6
  2640 | D:3      | Found an ornate altar of the Wu Jian Council.
  2676 | D:3      | Reached *** piety under Trog
  2993 | D:4      | Noticed a +0 hand axe
  3055 | D:4      | Found a glowing drain.
  3086 | Sewer    | Entered a sewer
  3330 | Sewer    | Reached **** piety under Trog
  3730 | D:4      | Noticed Pikel
  3749 | D:4      | Killed Pikel
  3749 | D:4      | Reached XP level 8. HP: 37/71 MP: 7/7
  4395 | D:4      | Noticed Robin
  4405 | D:4      | Killed Robin
  4670 | D:4      | Found a hide-covered altar of Uskayaw.
  4675 | D:4      | Noticed a +0 dagger
  4797 | D:4      | Found a shimmering blue altar of Sif Muna.
  4991 | D:5      | Entered Level 5 of the Dungeon
  5027 | D:5      | Found Itariroe's Magic Scroll Shop.
  5030 | D:5      | Bought a scroll of identify for 22 gold pieces
  5030 | D:5      | Bought a scroll of identify for 22 gold pieces
  5030 | D:5      | Bought a scroll of identify for 22 gold pieces
  5030 | D:5      | Bought a scroll of teleportation for 33 gold pieces
  5030 | D:5      | Bought a scroll of remove curse for 33 gold pieces
  5030 | D:5      | Bought a scroll of identify for 22 gold pieces
  5409 | D:5      | Found a shadowy altar of Dithmenos.
  5496 | D:5      | Found a staircase to the Ecumenical Temple.
  5505 | Temple   | Entered the Ecumenical Temple
  5718 | D:5      | Found a sacrificial altar of Ru.
  5718 | D:5      | Found a bloodstained altar of Trog.
  5731 | D:6      | Found an iron altar of Okawaru.
  5755 | D:6      | Found Qiewn's Armour Shop.
  6025 | D:6      | Reached XP level 9. HP: 79/79 MP: 8/8
  6150 | D:6      | Reached ***** piety under Trog
  6158 | D:6      | Reached skill level 5 in Armour
  6996 | D:7      | Reached skill level 5 in Dodging
  7426 | D:8      | Reached XP level 10. HP: 84/90 MP: 9/9
  7478 | D:8      | Reached skill level 10 in Shields
  7742 | D:8      | Found a glowing golden altar of the Shining One.
  7753 | D:8      | Found a white marble altar of Elyvilon.
  7848 | D:8      | Reached skill level 5 in Throwing
  7903 | D:8      | Found a runed translucent door.
  7903 | D:8      | Noticed DonnieDarkness's ghost (amateur DsFi)
  7916 | D:8      | Killed DonnieDarkness's ghost
  7943 | D:8      | Received a gift from Trog
  8604 | D:9      | Reached skill level 10 in Axes
  8704 | D:9      | Reached skill level 10 in Fighting
  8822 | D:9      | Found a staircase to the Orcish Mines.
  8829 | D:9      | Reached XP level 11. HP: 99/99 MP: 10/10
  8988 | D:9      | Found Muidghyu's Antique Armour Shoppe.
  9198 | D:9      | Found a staircase to the Lair.
  9255 | Lair:1   | Entered Level 1 of the Lair of Beasts
 10988 | Lair:2   | Found a staircase to the Snake Pit.
 10995 | Lair:2   | Received a gift from Trog
 11200 | Lair:2   | Found a staircase to the Shoals.
 11865 | Lair:3   | Reached XP level 12. HP: 59/110 MP: 11/11
 12354 | Lair:3   | Noticed a six-headed hydra
 12359 | Lair:3   | Killed a four-headed hydra
 13261 | Lair:4   | Noticed a death yak
 13270 | Lair:4   | Killed a death yak
 14638 | Lair:5   | Noticed a death yak
 14638 | Lair:5   | Noticed a death yak
 14638 | Lair:5   | Noticed a death yak
 14640 | Lair:5   | Noticed a death yak
 14642 | Lair:5   | Noticed a death yak
 14650 | Lair:5   | Killed a death yak
 14653 | Lair:5   | Killed a death yak
 14653 | Lair:5   | Reached XP level 13. HP: 115/119 MP: 12/12
 15116 | Lair:5   | Noticed Urug
 15131 | Lair:5   | Killed Urug
 15339 | Lair:6   | Entered Level 6 of the Lair of Beasts
 15865 | Lair:6   | Reached ****** piety under Trog
 16089 | Lair:6   | Found a staircase to the Slime Pits.
 16633 | Lair:6   | Reached skill level 10 in Armour
 16735 | Lair:6   | Reached XP level 14. HP: 105/130 MP: 13/13
 16843 | Lair:6   | Got a translucent iron ring
 16847 | Lair:6   | Identified the ring of Doydoiqeo {rPois MP+9 AC+4 Str-3
                  | SInv} (You found it on level 6 of the Lair of Beasts)
 17412 | Orc:1    | Entered Level 1 of the Orcish Mines
 17413 | Orc:1    | Noticed Gastronok
 17429 | Orc:1    | Killed Gastronok
 17786 | Orc:2    | Entered Level 2 of the Orcish Mines
 17923 | Orc:2    | Found a roughly hewn altar of Beogh.
 17976 | Orc:2    | Received a gift from Trog
 18098 | Orc:2    | Found a staircase to the Elven Halls.
 18101 | Orc:2    | Noticed a stone giant
 18113 | Orc:2    | Killed a stone giant
 18471 | Orc:2    | Found Jeiha's Jewellery Emporium.
 18471 | Orc:2    | Found Mammouff's Antique Armour Boutique.
 18848 | Orc:2    | Found Ubaed's Antique Weapon Emporium.
 18848 | Orc:2    | Found Soalogyo's Antique Armour Boutique.
 18859 | Orc:2    | Bought a warped chain mail for 294 gold pieces
 18859 | Orc:2    | Bought a brightly glowing scale mail for 279 gold pieces
 18859 | Orc:2    | Bought a shiny kite shield for 232 gold pieces
 18870 | Orc:2    | Identified the +7 chain mail of the Watchman {rC+ rCorr
                  | Int+2} (You bought it in a shop on level 2 of the Orcish
                  | Mines)
 18871 | Orc:2    | Identified the +8 scale mail of the Ward {rElec rN+ SInv
                  | Stlth-} (You bought it in a shop on level 2 of the Orcish
                  | Mines)
 19120 | Shoals:1 | Entered Level 1 of the Shoals
 19416 | Shoals:1 | Found Jadeupod's Jewellery Boutique.
 19419 | Shoals:1 | Bought the ring of Askifalisk {+Fly rPois Dex+4} for 667
                  | gold pieces
 19654 | Shoals:1 | Reached skill level 10 in Dodging
 19659 | Shoals:1 | Reached skill level 15 in Shields
 20508 | Shoals:2 | Identified Roxanne's Tome of Earth
 20508 | Shoals:2 | Noticed Roxanne
 20550 | Shoals:2 | Killed Roxanne
 20909 | Shoals:2 | Found Kiuja's Antique Weapon Shop.
 20930 | Shoals:2 | Received a gift from Trog
 20930 | Shoals:2 | Reached XP level 15. HP: 127/139 MP: 14/14
 21039 | Shoals:2 | Reached skill level 15 in Axes
 21273 | Shoals:3 | Reached skill level 15 in Fighting
 22455 | Shoals:3 | Received a gift from Trog
 23093 | Shoals:4 | Entered Level 4 of the Shoals
 23806 | Shoals:4 | Noticed Bai Suzhen
 23831 | Shoals:4 | Killed Bai Suzhen
 23836 | Shoals:4 | Upgraded the game from 0.25.0-3-gd7cc568 to
                  | 0.25.0-7-g216d0a8
 23985 | Shoals:4 | Identified the cursed +0 halberd "Cunwary" {vorpal, +Inv
                  | rC- rN+}
 24048 | Shoals:4 | Reached XP level 16. HP: 117/151 MP: 15/15
 24288 | Shoals:4 | HP: 4/151 [manticore/volley of spikes (17)]
 24289 | Shoals:4 | HP: 1/151 [manticore (18)]
 24289 | Shoals:4 | Mangled by a manticore

Illustrated notes

Levels and vault maps discovered:
D:1:      ldierk_water_garden, layout_basic
D:2:      layout_loops_ring, fedhas_altar_fruit_tree, trog_hazing_becter,
          uniq_natasha, uniq_jessica
D:3:      cheibrodos_pilgrimage, layout_loops_cross,
          nicolae_overflow_hidden_temple, uniq_grinder
D:4:      layout_layer_cave, led_sif_pool, dancing_weapons_uskayaw,
          portal_sewer_entry_f, first_ration, serial_bayou, serial_bayou_pond_d,
          serial_bayou_pond_d, serial_bayou_pond_d, serial_bayou_shore_b,
          minivault_26, nrook_uturn, uniq_pikel, uniq_robin
D:5:      layout_basic, overflow_temple_1_default,
          gammafunk_temple_overflow_wave, minmay_temple_entry_poolview,
          serial_shops, nicolae_shop_behind_doors
D:6:      kennysheep_windowed_halls, layout_basic, okawaru_metal_pillars_3,
          serial_shops, shop, chequers_serial_rivers_micro_b
D:7:      layout_rooms
D:8:      cheibrodos_grave_circle, layout_loops_ring,
          amethyst_overflow_temple_binary, gammafunk_ghost_grave,
          hangedman_abyss_or_decor_stabs, grunt_ogre_cave
D:9:      layout_basic, david_lair_shrubbed, serial_shops, nicolae_shop_crystal
Temple:   minmay_temple_forest_path
Lair:1:   layout_gridlike, infiniplex_staircase_pool, serial_bayou_shore_b
Lair:2:   layout_loops_ring, shoals_dummy_entry,
          minmay_snake_entry_six_corridors
Lair:3:   cheibrodos_lair_river_kwai, layout_chaotic_city
Lair:4:   layout_loops_ring, lemuel_fruit_tree
Lair:5:   layout_regular_city, uniq_urug
Lair:6:   due_jungle_book, layout_cave_pods, slime_dummy
Shoals:1: argonaut_golden_fleece, layout_shoals, serial_shops,
          nicolae_shop_behind_doors, nicolae_shoals_cliffside_cave
Shoals:2: layout_shoals, serial_shops, nicolae_shop_waterfront, uniq_roxanne
Shoals:3: layout_shoals, hangedman_shoals_cup_caves
Shoals:4: shoals_end_hangedman, layout_shoals,
          nicolae_shoals_arrival_archipelago, uniq_bai_suzhen
Orc:1:    layout_diamond_mine, uniq_gastronok
Orc:2:    grunt_orc_tribal_feast, layout_caves, basic_altar

Skill      XL: |  1  2  3  4  5  6  7  8  9 10 11 12 13 14 15 16 |
---------------+-------------------------------------------------+-----
Shields        | 2 3 4 5 7 9 10 11 13 14 15 16 | 16.3
Fighting       | 4 5 6 7 8 10 11 12 13 14 15 16 | 16.0
Axes           | 4 5 6 7 8 10 11 12 13 14 16 | 16.1
Throwing       | 1 2 3 4 5 6 7 8 9 |  9.9
Armour         | 3 4 5 6 8 9 10 11 | 11.9
Dodging        | 3 4 5 6 7 8 9 10 11 | 11.0

Action                   |  1- 3 |  4- 6 |  7- 9 | 10-12 | 13-15 | 16-18 || total
-------------------------+-------+-------+-------+-------+-------+-------++-------
Melee: Hand axe          |    40 |   120 |       |       |       |       ||   160
       Headbutt          |     4 |    18 |    71 |   104 |   212 |     2 ||   411
       Broad axe         |       |     2 |   343 |   396 |   797 |    25 ||  1563
Throw: Boomerang         |       |       |       |    15 |   248 |     7 ||   270
Invok: Berserk           |     1 |     4 |     4 |    13 |    13 |     1 ||    36
       Trog's Hand       |       |     2 |       |     6 |    11 |     1 ||    20
  Use: Scroll            |     1 |       |     6 |     3 |     5 |       ||    15
       Potion            |       |       |       |     1 |     4 |     1 ||     6
 Stab: Sleeping          |     1 |       |       |       |       |       ||     1
  Eat: Chunk             |     2 |     8 |    18 |    29 |    38 |     1 ||    96
       Ration            |       |       |     1 |     2 |     3 |       ||     6
Armor: Animal skin       |     3 |       |       |       |       |       ||     3
       Plate armour      |    39 |    75 |   248 |   203 |   111 |       ||   676
       Chain mail        |       |       |       |       |   213 |    34 ||   247
Dodge: Dodged            |    28 |    46 |   179 |   192 |   318 |    34 ||   797
Block: Buckler           |       |    16 |   125 |   237 |   176 |       ||   554
       Kite shield       |       |       |       |       |   586 |    68 ||   654
       Reflection        |       |       |       |       |    62 |     4 ||    66
